 Dungeon Crawl Stone Soup version 0.29-a0-275-g389c0b56f3 (webtiles) character file.

Game seed: 5000436084790091897

194 spaghetti the Ducker (level 5, -4/32 HPs)
             Began as a Tengu Chaos Knight on Mar 9, 2022.
             Was a Plaything of Xom.
             Slain by a hornet (14 damage)
             ... while paralysed by a hornet
             ... on level 4 of the Dungeon.
             The game lasted 00:04:08 (3131 turns).

spaghetti the Ducker (Tengu Chaos Knight)           Turns: 3131, Time: 00:04:09

Health: -4/32      AC:  5    Str: 12    XL:     5   Next: 73%
Magic:  6/6        EV:  2    Int: 12    God:    Xom [...*..]
Gold:   223        SH:  0    Dex: 14    Spells: 4/4 levels left

rFire   . . .      SeeInvis .   a - +0 falchion (chaos) {long}
rCold   . . .      Faith    .   (no shield)
rNeg    . . .      Spirit   .   b - +2 leather armour
rPois   .          Reflect  .   (helmet restricted)
rElec   .          Harm     .   f - +1 cloak
rCorr   .          Rampage  .   (no gloves)
Will    .....      Clarity  +   (boots unavailable)
Stlth   +......... Rnd*Tele +   j - amulet of magic regeneration {@e2}
HPRegen 0.10/turn               (no ring)
MPRegen 0.50/turn               (no ring)

@: paralysed, lethally poisoned (-4 -> -11), about to teleport, flying quickly
and evasively, invisible, quick
A: beak, talons 3, nimble flight, clarity, clumsy 1, deformed body, teleportitis
1
a: Renounce Religion


You were on level 4 of the Dungeon.
You worshipped Xom.
You were a favourite toy of Xom.
You visited 1 branch of the dungeon, and saw 4 of its levels.

You collected 223 gold pieces.


Innate Abilities, Weirdness & Mutations

You have a beak for a mouth.
You have claws for feet.
Your magical nature lets you fly swiftly and evasively.
You possess an exceptional clarity of mind.
You are clumsy. (Dex -2)
Armour fits poorly on your strangely shaped body.
You are occasionally teleported next to monsters.


   Skills:
 - Level 3.0 Fighting
 - Level 3.2 Long Blades
 - Level 2.1 Armour
 + Level 6.0 Dodging


You had 4 spell levels left.
You didn't know any spells.
Your spell library contained the following spells:

 Spells                   Type           Power      Damage    Failure   Level
 Animate Skeleton         Necr           0%         N/A       38%         1
 Pain                     Necr           0%         1d4       38%         1
 Confusing Touch          Hex            0%         N/A       77%         3
 Vampiric Draining        Necr           0%         2d6       77%         3
 Yara's Violent Unravell  Hex/Tmut       0%         3d3       100%        5
 Enfeeble                 Hex            0%         N/A       100%        7

Inventory:

Hand Weapons
 a - a +0 falchion of chaos (weapon) {long}
Missiles
 g - 6 boomerangs {throwing}
 m - 15 stones {throwing}
Armour
 b - a +2 leather armour (worn)
 f - a +1 cloak (worn)
   (You found it on level 1 of the Dungeon)
Jewellery
 j - an amulet of magic regeneration (around neck) {@e2}
   (You found it on level 2 of the Dungeon)
 n - a ring of ice
   (You found it on level 2 of the Dungeon)
Scrolls
 d - a scroll of identify {@r1}
 l - a scroll of noise {!r}
 o - 3 scrolls of enchant armour
Potions
 e - a potion of degeneration {!q@e2}
 p - a potion of resistance
Miscellaneous
 c - a piece from Xom's chessboard (15/15) (quivered)

Dungeon Overview and Level Annotations

Branches:
Dungeon (4/15)
 Temple: D:4-7

Altars:
Xom

Annotations:
D:2 1 runed translucent door

#..........###
#........<...#
#..........#.#
#..........#.#####
#..........#.#...#
#..........#.'...#
##
.....#########...#
#..## .....#
##'##...... .....#
#.@yg.# .....#
#####.# .....#
.....# .....#
######


You could see a hornet (can't see you) and a goblin (can't see you).


Message History

Things that are here:
a +1 hand axe of flaming {axe}; a +0 ring mail; an orc corpse Key pressed, stopping explore.
Key pressed, stopping explore.
Items here: )) [ †. 😎 HP[+13]
Your hp is fully restored (32).
(D) Dungeon
Where to? (Enter - D:3, ? - help)
You see here a +0 ring mail.
There is a stone staircase leading down here.
You fly downwards.
There is a stone staircase leading up here.
Key pressed, stopping travel.
Unknown command.
Unknown command.
An adder comes into view.
The adder hisses angrily.
An adder is nearby!
An adder is nearby!
Found a stone staircase leading down.
You hit the adder. Your peck misses the adder. The adder barely misses you.
You hit the adder.
The adder appears confused.
You claw the adder.
You kill the adder!
Your Dodging skill increases to level 6!
No target in view!
No target in view!
No target in view!
No target in view!
No target in view!
No target in view!
No target in view!
No target in view!
No target in view!
No target in view!
A hobgoblin comes into view.
The hobgoblin shouts!
A hobgoblin is nearby!
A hobgoblin is nearby!
You barely miss the hobgoblin. Your peck misses the hobgoblin.
The hobgoblin misses you.
You slash the hobgoblin!
You kill the hobgoblin!
No target in view!
No target in view!
No target in view!
No target in view!
No target in view!
You now have 209 gold pieces (gained 10).
d - a scroll of identify {@r1}
Found a stone staircase leading up.
No target in view!
You now have 223 gold pieces (gained 14).
You reach down and open the door.
There is an open door here.
Key pressed, stopping explore.
You reach down and open the door.
A hornet comes into view.
There is an open door here.
A hornet is nearby!
A goblin comes into view. It is wielding a +0 club.
The goblin shouts!
The hornet buzzes angrily.
You hit the hornet. Your kick misses the hornet. The hornet stings you.
You suddenly lose the ability to move!
The hornet stings you!
You feel yourself slow down. The hornet stings you!
* * * LOW HITPOINT WARNING * * *
You are poisoned.
You feel as though you will be slow longer.
You can move again. 😨 HP[-19]
You take 19 damage, and now have 13/32 hp.
MASSIVE DAMAGE!! (PAUSE) Unknown command.
It was a potion of invisibility.
You fade into invisibility!
* * * LOW HITPOINT WARNING * * *
You feel very sick.
The hornet barely misses you. x2 😨 HP[-4]
You take 4 damage, and now have 9/32 hp.
It was a potion of curing.
You feel better.
Xom roars with laughter!
The hornet barely misses you. The hornet closely misses you. 😮 HP[+8]
You regained 8 hp, and now have 17/32 hp.
Okay, then.
As you read the scroll of teleportation {@r4}, it crumbles to dust.
You feel strangely unstable. The hornet misses you. The hornet stings you.
* * * LOW HITPOINT WARNING * * *
You are poisoned.
You suddenly lose the ability to move!
The hornet barely misses you.
You feel yourself speed up.
* * * LOW HITPOINT WARNING * * *
You feel very sick. The hornet stings you!
You die...
Xom snickers!

Skill      XL: |  1  2  3  4  5 |
---------------+----------------+-----
Dodging        | 2 3 4 5 6 |  6.0
Fighting       | |  3.0
Long Blades    | |  3.2
Armour         | |  2.1

Action                   |  1- 3 |  4- 6 || total
-------------------------+-------+-------++-------
Melee: Falchion          |    95 |    62 ||   157
       Kick              |    14 |    15 ||    29
       Peck              |     6 |    10 ||    16
  Use: Scroll            |     3 |     4 ||     7
       Potion            |       |     4 ||     4
 Stab: Sleeping          |     4 |     1 ||     5
       Paralysed         |     2 |       ||     2
       Distracted        |       |     1 ||     1
Armor: Leather armour    |    30 |    25 ||    55
Dodge: Dodged            |    51 |    39 ||    90

Levels and vault maps discovered:
D:1:      elethiomel_arrival_quiet, layout_loops_ring,
          hellmonk_ecumenical_altar_lost_god, minmay_misc_feat_enclosed
D:2:      minmay_alternating_diamond, layout_loops_corners,
          uniq_crazy_yiuf_cottage
D:3:      layout_loops_ring, amcnicky_altar_gilded, minmay_distorted
D:4:      layout_basic, nicolae_yredelemnul_corpse_copse, uniq_sigmund

Notes
Turn   | Place    | Note
-------+----------+-------------------------------------------
     0 | D:1      | spaghetti the Tengu Chaos Knight began the quest for the
                  | Orb.
     0 | D:1      | Reached XP level 1. HP: 14/14 MP: 2/2
     0 | D:1      | magus.rc [v1.9.6]
     2 | D:1      | You pick up a book of Misfortune and begin reading...
     2 | D:1      | You add the spells Confusing Touch, Yara's Violent
                  | Unravelling and Enfeeble to your library.
   141 | D:1      | Reached skill level 2 in Dodging
   213 | D:1      | XOM: divination: detect items
   216 | D:1      | XOM: silly message
   320 | D:1      | Found a faded altar of an unknown god.
   320 | D:1      | XOM: 2-stop teleportation journey
   323 | D:1      | XOM: smoke on damage
   330 | D:1      | Reached XP level 2. HP: 9/19 MP: 3/3
   657 | D:1      | XOM: divination: detect creatures
   821 | D:1      | Reached skill level 3 in Dodging
   909 | D:1      | You pick up a book of Necromancy and begin reading...
   909 | D:1      | You add the spells Pain, Animate Skeleton and Vampiric
                  | Draining to your library.
  1092 | D:1      | Reached XP level 3. HP: 23/23 MP: 4/4
  1224 | D:2      | XOM: stealth player
  1328 | D:2      | XOM: silly message
  2069 | D:2      | Found a runed translucent door.
  2148 | D:3      | Reached skill level 4 in Dodging
  2148 | D:3      | Reached XP level 4. HP: 16/28 MP: 5/5
  2413 | D:3      | Found a shimmering altar of Xom.
  2452 | D:3      | XOM: 7-stop teleportation journey
  2469 | D:3      | XOM: cloud trail
  2649 | D:3      | Reached skill level 5 in Dodging
  2725 | D:3      | Gained mutation: Your magical nature lets you fly swiftly
                  | and evasively. [Tengu growth]
  2725 | D:3      | Reached XP level 5. HP: 32/32 MP: 6/6
  2799 | D:3      | XOM: give mutations
  2799 | D:3      | Gained mutation: You are occasionally teleported next to
                  | monsters. [Xom's mischief]
  2799 | D:3      | Gained mutation: Armour fits poorly on your strangely
                  | shaped body. [Xom's mischief]
  2799 | D:3      | Gained mutation: You possess an exceptional clarity of
                  | mind. [Xom's mischief]
  2799 | D:3      | Gained mutation: You are clumsy. (Dex -2) [Xom's mischief]
  2874 | D:3      | XOM: 3-stop teleportation journey
  3071 | D:4      | Reached skill level 6 in Dodging
  3124 | D:4      | Noticed a hornet
  3126 | D:4      | Paralysed by a hornet for 2 turns
  3130 | D:4      | Paralysed by a hornet for 2 turns
  3131 | D:4      | Slain by a hornet

Vanquished Creatures
  An orc priest (D:3)
  A hound (D:3)
  An orc wizard (D:3)
  3 adders
  3 worms
  A dart slug (D:2)
  4 orcs (D:3)
  7 ball pythons
  4 bats
  5 endoplasms
  A giant cockroach (D:1)
  7 goblins
  7 hobgoblins
  4 jackals (D:1)
  3 kobolds
  5 quokkas
  A frilled lizard (D:1)
  5 rats
63 creatures vanquished.

Table legend:
 A = Non-vault XP
 B = Vault XP
 C = Vault XP percentage of total XP
 D = Non-vault monster count
 E = Vault monster count
 F = Vault count percentage of total count
                 A         B        C        D         E       F
            +---------+---------+-------+---------+---------+-------
      Total |     266 |      12 |   4.3 |      56 |       7 |  11.1
            +---------+---------+-------+---------+---------+-------
        D:1 |      34 |       0 |   0.0 |      20 |       0 |   0.0
        D:2 |      32 |       8 |  20.0 |      14 |       5 |  26.3
        D:3 |     184 |       4 |   2.1 |      20 |       2 |   9.1
        D:4 |      16 |       0 |   0.0 |       2 |       0 |   0.0
            +---------+---------+-------+---------+---------+-------

Illustrated notes

Table legend:
 A = Kills in this place as a percentage of kills in entire the game.
 B = Kills by you in this place as a percentage of kills by you in the entire game.
 C = Kills by friends in this place as a percentage of kills by friends in the entire game.
 D = Other kills in this place as a percentage of other kills in the entire game.
 E = Experience gained in this place as a percentage of experience gained in the entire game.
 F = Experience gained in this place divided by the number of levels of this place that you have seen.
                   A       B       C       D       E      F
               +-------+-------+-------+-------+-------+----------------------
         Total | 100.0 | 100.0 |   N/A |   N/A | 100.0 |  69.5
       Dungeon | 100.0 | 100.0 |   N/A |   N/A | 100.0 |  69.5
               +-------+-------+-------+-------+-------+----------------------

Table legend: (Time is in decaauts)
 A = Elapsed time spent in this place.
 B = Non-inter-level travel time spent in this place.
 C = Inter-level travel time spent in this place.
 D = Time resting spent in this place.
 E = Time spent auto-exploring this place.
 F = Levels seen in this place.
 G = Mean time per level.
                   A        B        C        D        E       F      G
               +--------+--------+--------+--------+--------+-----+--------+
         Total |   3130 |   2989 |    141 |    463 |   2066 |   4 |  782.5 |
       Dungeon |   3130 |   2989 |    141 |    463 |   2066 |   4 |  782.5 |
               +--------+--------+--------+--------+--------+-----+--------+

Top non-repeatable levels by time:
     D:1: 1230 daAuts
     D:3: 924 daAuts
     D:2: 910 daAuts
     D:4: 64 daAuts
